 Dungeon Crawl Stone Soup version 0.28-a0-1435-g82390b3a13 (webtiles) character file.

Game seed: 16685491402900913551

79 siradein the Magician (level 4, -3/33 HPs)
             Began as a Djinni Summoner on Jan 10, 2022.
             Killed from afar by Natasha (6 damage)
             ... with a magic dart
             ... on level 2 of the Dungeon.
             The game lasted 00:06:05 (2721 turns).

siradein the Magician (Djinni Summoner)             Turns: 2721, Time: 00:06:06

Health: -3/33      AC:  5    Str: 13    XL:     4   Next: 62%
Gold:   85         EV: 11    Int: 18    God:
                   SH:  5    Dex: 14

rFire   + + .      SeeInvis .   i - +0 short sword
rCold   x . .      Faith    .   (no shield)
rNeg    . . .      Spirit   .   h - +0 ring mail
rPois   ∞          Reflect  +   (no helmet)
rElec   .          Harm     .   (no cloak)
rCorr   .          Rampage  .   (no gloves)
Will    .....                   (boots unavailable)
Stlth   +.........              m - amulet of reflection
HPRegen 0.11/turn               g - +6 ring of strength
MPRegen 0.00/turn               a - ring of wizardry

@: flying, slowed, very slow
A: sickness immunity, fire resistance 2, cold vulnerability 1, float, innate
caster, hp casting, extra vitality 1
a: no special abilities


You were on level 2 of the Dungeon.
You visited 1 branch of the dungeon, and saw 2 of its levels.

You collected 85 gold pieces.

Inventory:

Hand Weapons
 i - a +0 short sword (weapon)
Armour
 h - a +0 ring mail (worn)
Magical Staves
 n - a staff of earth
Jewellery
 a - a ring of wizardry (right hand)
 g - a +6 ring of strength (left hand)
 m - an amulet of reflection (around neck)
Scrolls
 b - a scroll of immolation {unknown}
 c - a scroll of torment {unknown}
 d - 4 scrolls of identify {unknown}
 e - a scroll of fog {unknown}
 j - 3 scrolls of fear {unknown}
 o - a scroll of enchant weapon {unknown}
Potions
 f - a potion of brilliance {unknown}
 k - a potion of mutation {unknown}
 l - a potion of haste {unknown}


   Skills:
 + Level 1.6 Fighting
 + Level 3.1 Dodging
 - Level 1.5 Stealth
 * Level 3.9 Spellcasting


You couldn't memorise any spells.
You knew the following spells:

 Your Spells              Type           Power      Damage    Failure   Level
a - Summon Small Mammal   Summ           68%        N/A       2%          1
b - Call Imp              Summ           17%        N/A       4%          2
c - Call Canine Familiar  Summ           17%        N/A       8%          3
d - Summon Guardian Gole  Hex/Summ       17%        N/A       8%          3
e - Summon Lightning Spi  Summ/Air       17%        N/A       26%         4
f - Sandblast             Erth           34%        2d9       2%          1
Your spell library was empty.

Dungeon Overview and Level Annotations

Branches:
Dungeon (2/15)

Altars:
Hepliaklqana

Annotations:
D:2 Natasha


Innate Abilities, Weirdness & Mutations

You are immune to sickness and miasma.
You are immune to poison.
Your flesh is very heat resistant. (rF++)
You are vulnerable to cold. (rC-)
You float through the air rather than walking.
You learn spells naturally, not from books.
Your magical power is your life essence.
You have superior vitality. (+4 MHP)


Message History

Your crimson imp closely misses Natasha.
Unknown command.
Natasha claws your crimson imp.
Your crimson imp hits Natasha.
Natasha growls.
Natasha barely misses your crimson imp.
Your crimson imp hits Natasha.
Natasha claws your crimson imp but does no damage.
Your crimson imp hits Natasha.
Natasha closely misses your crimson imp.
Your crimson imp hits Natasha.
Natasha closely misses your crimson imp.
Your crimson imp barely misses Natasha.
Natasha drinks a potion.
Natasha is healed!
Your crimson imp misses Natasha.
Something misses your crimson imp.
Your magical contamination has completely faded away.
Something claws your crimson imp!
Your crimson imp blinks!
You are too injured to fight recklessly!
Casting: Call Imp (safe; 4% risk of failure)
Confirm with . or Enter, or press ? or * to list all spells.
A beastly little devil appears in a puff of flame.
* * * LOW HITPOINT WARNING * * *
Natasha stares at you and mumbles some strange words.
You resist with some effort.
Your crimson imp blinks!
Your crimson imp completely misses Natasha.
Natasha casts a spell at you.
You feel yourself slow down.
Your crimson imp hits Natasha.
Natasha mumbles some strange words.
Your crimson imp hits Natasha but does no damage.
Natasha casts a spell at you. You resist with some effort.
There is an open door here.
Natasha wildly gestures.
Natasha's front paws start to glow.
Natasha casts a spell at you. The magic dart hits you!
* * * LOW HITPOINT WARNING * * *
Natasha casts a spell at you. The magic dart hits you.
You die...

#.........# #...# #.....
#.........# #...# #.....
#.........# #...# #####.....
#.........# #...# #.........
#.........#####...####....5....
#......†..##........##.........
#.._...#####.######.##.........
#.....## #.#..h.#.##h........
#.....# #.#@##.#..........##
#####.######+#.##'#.......(>.'.
#........................##
####.....................#
#.....................#
#.....................#
#...........##........#
#...........##.########
#...........##.#


You could see Natasha.

Vanquished Creatures
  Natasha (D:2)
  A worm (D:2)
  A dart slug (D:2)
  2 endoplasms (D:2)
  A jackal (D:1)
  3 quokkas
  3 ball pythons (D:2)
  A frilled lizard (D:2)
  A kobold (D:1)
  A rat (D:1)
15 creatures vanquished.

Vanquished Creatures (collateral kills)
  Natasha (D:2)
  A ball python (D:2)
  An endoplasm (D:1)
  A giant cockroach (D:1)
  2 hobgoblins
  A jackal (D:1)
  A bat (D:1)
  A kobold (D:2)
9 creatures vanquished.

Vanquished Creatures (others)
  3 plants (D:2)
3 creatures vanquished.

Grand Total: 27 creatures vanquished

Notes
Turn   | Place    | Note
-------+----------+-------------------------------------------
     0 | D:1      | siradein the Djinni Summoner began the quest for the Orb.
     0 | D:1      | Reached XP level 1. HP: 15/15 MP: 0/0
     2 | D:1      | Noticed a troll
     2 | D:1      | Noticed a draconian
     4 | D:1      | Noticed a naga
     4 | D:1      | Noticed a demonspawn
     8 | D:1      | Noticed a merfolk
    10 | D:1      | Noticed a felid
    12 | D:1      | Noticed a ghoul
    12 | D:1      | Noticed a spriggan
    14 | D:1      | Noticed a gargoyle
    14 | D:1      | Noticed a vine stalker
    16 | D:1      | Noticed a demigod
    16 | D:1      | Noticed a formicid
    18 | D:1      | Noticed a human
    18 | D:1      | Noticed a dwarf
    20 | D:1      | Noticed a tengu
    22 | D:1      | Noticed an octopode
    22 | D:1      | Noticed an elf
    24 | D:1      | Noticed an ogre
    24 | D:1      | Noticed a vampire
    26 | D:1      | Noticed a minotaur
   566 | D:1      | Reached XP level 2. HP: 2/22 MP: 0/0
  1941 | D:2      | Reached skill level 1 in Fighting
  1941 | D:2      | Reached XP level 3. HP: 23/27 MP: 0/0
  1941 | D:2      | Learned a level 1 spell: Sandblast
  2141 | D:2      | Found a hazy altar of Hepliaklqana.
  2391 | D:2      | Noticed Natasha
  2421 | D:2      | Killed Natasha
  2422 | D:2      | Reached XP level 4. HP: 15/32 MP: 0/0
  2650 | D:2      | Noticed Natasha
  2661 | D:2      | Killed Natasha
  2683 | D:2      | Noticed Natasha
  2721 | D:2      | Killed from afar by Natasha

Illustrated notes

Levels and vault maps discovered:
D:1:      kb_arrival_jail, layout_basic, serial_forest,
          infiniplex_forest_lined_3_way, infiniplex_forest_clump_cross,
          infiniplex_forest_clump_large, infiniplex_forest_end_1,
          infiniplex_forest_straight_4, chequers_avenue
D:2:      wad_lake_hut, layout_basic, basic_altar,
          shapermc_ecumenical_altar_mp_urbaneastern, minmay_octomino_c4,
          uniq_natasha

Skill      XL: |  1  2  3  4 |
---------------+-------------+-----
Fighting       | 1 |  1.6
Dodging        | 3 |  3.1
Stealth        | |  1.5
Spellcasting   | |  3.9

Action                   |  1- 3 |  4- 6 || total
-------------------------+-------+-------++-------
Melee: Unarmed           |    46 |       ||    46
       Short sword       |    41 |    11 ||    52
 Cast: Summon Small Mamm |    10 |       ||    10
       Call Imp          |     9 |     3 ||    12
Armor: Robe              |    19 |       ||    19
       Ring mail         |       |     2 ||     2
Dodge: Dodged            |    77 |     3 ||    80
Block: Other             |     2 |       ||     2

Table legend: (Time is in decaauts)
 A = Elapsed time spent in this place.
 B = Non-inter-level travel time spent in this place.
 C = Inter-level travel time spent in this place.
 D = Time resting spent in this place.
 E = Time spent auto-exploring this place.
 F = Levels seen in this place.
 G = Mean time per level.
                   A        B        C        D        E       F      G
               +--------+--------+--------+--------+--------+-----+--------+
         Total |   2727 |   2705 |     22 |    270 |   2024 |   2 | 1363.5 |
       Dungeon |   2727 |   2705 |     22 |    270 |   2024 |   2 | 1363.5 |
               +--------+--------+--------+--------+--------+-----+--------+

Top non-repeatable levels by time:
     D:1: 1472 daAuts
     D:2: 1255 daAuts
